Map: Invader LE

Players

ShoWTimE - Winner!

  • Race: Protoss Protoss
  • League: Grandmaster

SortOf

  • Race: Zerg Zerg
  • League: Platinum

Event: DreamHack Open Tours WCS Spring Championship

VOD

Have the link to the VOD?

Description

Time

  • Played on: May 14, 2016, 11:43 a.m.
  • Length: 10:08

All games in this series

Show
View Real Time Build Order
Export as new Build Order

ShoWTimE Protoss - Winner!

Build Orders: 1 Gate Expand, Phoenix Opening 

Get SALT Encoding   

  12  0:00  Probe (Chrono Boost)  
  13  0:11  Probe (Chrono Boost)  
  14  0:20  Pylon  
  14  0:22  Probe (Chrono Boost)  
  15  0:38  Probe (Chrono Boost)  
  15  0:41  Gateway  
  16  0:45  Assimilator  
  16  0:49  Probe (Chrono Boost)  
  17  1:00  Probe (Chrono Boost)  
  18  1:10  Probe (Chrono Boost)  
  19  1:21  Probe (Chrono Boost)  
  20  1:26  Nexus  
  20  1:35  Cybernetics Core  
  20  1:39  Probe (Chrono Boost)  
  21  1:44  Assimilator  
  21  1:50  Probe (Chrono Boost)  
  22  1:54  Pylon  
  22  2:00  Probe (Chrono Boost)  
  23  2:12  Probe (Chrono Boost)  
  23  2:13  Adept (Chrono Boost)  
  23  2:14  Warp Gate  
  26  2:24  Probe  
  27  2:32  Stargate  
  27  2:36  Probe  
  28  2:37  Probe, Zealot (Chrono Boost)  
  31  2:48  Probe x2 (Chrono Boost)  
  33  3:00  Probe (Chrono Boost), Mothership Core (Chrono Boost)  
  36  3:08  Pylon  
  36  3:11  Probe (Chrono Boost)  
  37  3:17  Probe (Chrono Boost), Phoenix (Chrono Boost)  
  40  3:21  Probe  
  41  3:27  Probe  
  41  3:28  Gateway  
  41  3:31  Gateway  
  41  3:33  Adept  
  41  3:34  Probe  
  45  3:38  Probe  
  46  3:44  Phoenix (Chrono Boost)  
  46  3:46  Probe  
  49  3:49  Probe  
  49  3:53  Pylon  
  50  3:57  Assimilator  
  50  3:58  Probe  
  50  3:59  Probe, Assimilator  
  52  4:10  Probe x2  
  52  4:12  Phoenix (Chrono Boost)  
  56  4:17  Pylon  
  56  4:20  Probe  
  56  4:22  Probe  
  58  4:31  Probe  
  58  4:34  Probe  
  58  4:36  Nexus  
  60  4:41  Probe  
  60  4:43  Pylon  
  61  4:46  Probe  
  61  4:52  Probe  
  62  4:54  Pylon  
  62  4:58  Probe  
  64  5:00  Phoenix (Chrono Boost)  
  64  5:01  Forge  
  64  5:02  Probe  
  67  5:10  Probe  
  67  5:13  Probe, Sentry x3  
  75  5:22  Probe, Robotics Facility  
  75  5:25  Robotics Facility  
  75  5:26  Phoenix (Chrono Boost)  
  78  5:29  Probe  
  78  5:35  Probe, Protoss Ground Weapons Level 1 (Chrono Boost)  
  80  5:39  Probe  
  81  5:47  Twilight Council, Probe  
  82  5:51  Probe  
  82  5:52  Probe  
  82  5:54  Assimilator  
  82  5:56  Assimilator  
  84  5:59  Probe  
  84  6:02  Probe, Pylon  
  84  6:03  Probe  
  86  6:05  Pylon  
  86  6:09  Immortal (Chrono Boost)  
  87  6:11  Probe  
  87  6:14  Probe, Observer (Chrono Boost)  
  94  6:25  Probe, Blink (Chrono Boost)  
  93  6:32  Gateway x2  
  93  6:34  Gateway  
  93  6:35  Immortal, Gateway  
  93  6:36  Sentry, Gateway  
  93  6:37  Sentry  
  93  6:38  Sentry  
  103  6:42  Immortal  
  103  6:49  Pylon  
  107  7:00  Pylon  
  107  7:08  Stalker x3  
  111  7:14  Immortal  
  117  7:17  Immortal  
  117  7:19  Photon Cannon x2  
  121  7:35  Nexus  
  121  7:37  Pylon  
  121  7:45  Pylon  
  121  7:52  Immortal  
  121  7:53  Immortal  
  121  7:56  Pylon  
  129  8:02  Photon Cannon  
  129  8:04  Pylon  
  129  8:10  Stalker x6  
  129  8:11  Stalker  
  129  8:12  Stalker  
  145  8:19  Photon Cannon  
  145  8:33  Photon Cannon  
  145  8:34  Warp Prism (Chrono Boost)  
  145  8:35  Observer (Chrono Boost)  
  145  8:39  Sentry, Stalker x2  
  154  8:50  Stalker x3  
  154  8:51  Stalker  
  162  9:00  Stalker  
  161  9:25  Stalker x3  
  161  9:26  Stalker x4  
  161  9:27  Stalker  
  173  9:52  Stalker x3  
  157  9:53  Stalker x3  
  157  9:56  Stalker x2  
  157  10:03  Stalker x2  
Show
View Real Time Build Order
Export as new Build Order

SortOf Zerg 

Build Orders: Hatch First 

Get SALT Encoding   

  12  0:00  Drone  
  13  0:13  Overlord  
  13  0:18  Drone  
  14  0:32  Drone x2  
  16  0:36  Drone  
  17  0:52  Hatchery  
  17  0:55  Drone  
  17  0:59  Drone  
  18  1:09  Extractor  
  17  1:14  Spawning Pool  
  17  1:15  Drone  
  17  1:19  Drone  
  18  1:29  Drone  
  19  1:39  Overlord  
  19  1:51  Drone  
  20  2:02  Queen  
  20  2:03  Zergling x2  
  20  2:06  Drone  
  24  2:10  Metabolic Boost  
  24  2:17  Hatchery  
  24  2:19  Drone  
  24  2:21  Drone  
  25  2:25  Drone  
  26  2:37  Queen  
  26  2:38  Drone x2  
  26  2:44  Overlord  
  30  2:48  Zergling x2  
  30  2:49  Zergling x2  
  32  2:55  Drone  
  32  2:57  Drone  
  34  3:05  Drone  
  34  3:11  Drone x3  
  34  3:12  Drone  
  39  3:14  Queen  
  41  3:24  Drone  
  41  3:25  Drone  
  42  3:32  Evolution Chamber, Drone x3  
  42  3:33  Baneling Nest  
  43  3:41  Overlord  
  43  3:46  Drone x4  
  47  3:50  Drone  
  47  3:51  Drone  
  47  3:52  Overlord  
  49  3:58  Queen  
  50  4:03  Drone x3  
  53  4:10  Extractor  
  53  4:12  Zerg Melee Weapons Level 1  
  53  4:13  Queen  
  53  4:15  Overlord  
  55  4:17  Drone x2  
  55  4:20  Drone  
  57  4:24  Overlord  
  57  4:26  Overlord  
  57  4:35  Drone  
  57  4:37  Overlord  
  58  4:39  Spore Crawler  
  58  4:41  Drone  
  58  4:42  Drone x6  
  64  4:45  Drone  
  64  4:48  Spore Crawler  
  64  4:50  Queen, Spore Crawler  
  64  4:52  Drone x2  
  66  4:56  Drone x3  
  66  4:59  Drone  
  70  5:02  Queen  
  70  5:05  Lair  
  70  5:07  Drone x2  
  70  5:10  Drone x3  
  75  5:17  Spore Crawler  
  74  5:23  Hatchery  
  74  5:25  Queen  
  73  5:29  Drone  
  73  5:30  Drone x2  
  73  5:32  Drone x2  
  73  5:33  Evolution Chamber  
  73  5:34  Extractor  
  73  5:35  Overlord  
  76  5:41  Overlord x2  
  76  5:42  Overlord  
  76  5:43  Overlord  
  76  5:48  Extractor  
  75  5:58  Zerg Ground Armor Level 1  
  75  5:59  Drone x2  
  75  6:00  Drone x3  
  75  6:01  Drone x4  
  75  6:02  Drone x3  
  75  6:04  Extractor  
  86  6:07  Centrifical Hooks, Zerg Melee Weapons Level 2  
  86  6:10  Drone  
  84  6:13  Spore Crawler, Queen  
  84  6:19  Extractor  
  84  6:21  Drone x3  
  84  6:24  Drone x4  
  89  6:29  Infestation Pit  
  89  6:32  Drone x2  
  90  6:34  Zergling x6  
  90  6:38  Drone, Hatchery  
  93  6:42  Overlord  
  93  6:43  Spore Crawler, Drone x3  
  93  6:46  Drone x2  
  97  6:50  Overseer  
  97  6:54  Zergling x4  
  97  6:55  Zergling x8  
  97  6:59  Pneumatized Carapace  
  97  7:01  Drone x3  
  104  7:02  Drone  
  104  7:07  Drone x2  
  104  7:08  Drone  
  106  7:09  Hive  
  106  7:11  Drone x4  
  110  7:17  Spire  
  110  7:20  Drone  
  110  7:21  Drone x3  
  113  7:30  Spine Crawler, Zergling x10  
  113  7:31  Spine Crawler  
  113  7:33  Spine Crawler  
  113  7:36  Zergling x6  
  118  7:38  Overlord  
  118  7:40  Overlord  
  118  7:41  Extractor  
  118  7:42  Drone x2  
  118  7:43  Overlord x2, Drone  
  120  7:47  Baneling x4  
  118  7:51  Zergling x10  
  118  7:52  Zergling x6  
  118  7:54  Overlord  
  126  7:58  Baneling  
  126  7:59  Zergling x6, Baneling x2  
  126  8:02  Overlord  
  129  8:07  Zergling x2  
  129  8:08  Zergling x10  
  135  8:19  Overlord  
  135  8:25  Adrenal Glands  
  133  8:30  Greater Spire  
  133  8:31  Zergling x26  
  145  8:42  Overlord  
  144  8:51  Drone x2  
  144  8:54  Zergling x22  
  153  8:58  Baneling x20  
  153  8:59  Baneling x2  
  152  9:03  Zergling x4  
  152  9:04  Zergling x4  
  152  9:09  Baneling x13  
  156  9:10  Baneling x4  
  156  9:12  Overlord  
  151  9:26  Zergling x24  
  151  9:27  Zergling x6  
  159  9:47  Zergling x32  
  159  9:48  Zergling x4  

Tags
 
Add a new tag
Caveats
  • Supply blocks, unpowered buildings, or Contaminate may cause inaccurate times.
  • Supply counts are checked every 10 seconds.